 Dungeon Crawl Stone Soup version 0.28-a0-1613-gdaab1c2f9b (webtiles) character file.

Game seed: 7530821299580757408

515 jfcaron the Skirmisher (level 7, 0/52 HPs)
             Began as a Djinni Fighter on Jan 22, 2022.
             Was an Initiate of Wu Jian.
             Slain by Dowan (4 damage)
             ... on level 4 of the Dungeon.
             The game lasted 00:10:04 (4272 turns).

jfcaron the Skirmisher (Djinni Fighter)             Turns: 4272, Time: 00:10:04

Health: 0/52       AC:  5    Str: 17    XL:     7   Next: 44%
Gold:   61         EV: 11    Int:  5    God:    Wu Jian [......] SH:  5 Dex: 12

rFire   + + +      SeeInvis .     - Unarmed
rCold   x . .      Faith    +   b - +0 buckler
rNeg    . . .      Spirit   .   j - +0 ring mail "Poumyedgh" {rF++ Regen+ MP+9 Int-5}
rPois   ∞          Reflect  .   (no helmet)
rElec   .          Harm     .   (no cloak)
rCorr   .          Rampage  .   (no gloves)
Will    .....                   (boots unavailable)
Stlth   +.........              o - amulet of faith
HPRegen 0.97/turn               (no ring)
MPRegen 0.00/turn               (no ring)

@: flying
A: sickness immunity, fire resistance 2, cold vulnerability 1, float, innate
caster, hp casting, extra vitality 1
a: Renounce Religion


You were on level 4 of the Dungeon.
You worshipped Wu Jian.
Wu Jian was noncommittal.
You visited 1 branch of the dungeon, and saw 4 of its levels.

You collected 131 gold pieces.
You spent 70 gold pieces at shops.

Inventory:

Missiles
 f - 88 stones
 k - 32 bolts
 r - 18 sling bullets
Armour
 a - a +0 scale mail
 b - a +0 buckler (worn)
 j - the +0 ring mail "Poumyedgh" (worn) {rF++ Regen+ MP+9 Int-5}
   (You found it on level 2 of the Dungeon)

   Int:       It affects your intelligence (-5).
   rF:        It greatly protects you from fire.
   MP:        It affects your magic capacity (+9).
   Regen:     It increases your rate of health regeneration.
Jewellery
 o - an amulet of faith (around neck)
Scrolls
 g - 3 scrolls of teleportation {unknown}
 h - a scroll of brand weapon {unknown}
 p - 2 scrolls of identify {unknown}
 q - a scroll of noise {unknown}
 s - a scroll of magic mapping {unknown}
 t - a scroll of blinking {unknown}
Potions
 d - 3 potions of invisibility {unknown}
 e - 2 potions of degeneration {unknown}
 i - a potion of attraction {unknown}
 l - a potion of haste {unknown}
 m - a potion of lignification {unknown}


   Skills:
 + Level 4.2 Fighting
 + Level 4.1 Armour
 + Level 3.0 Dodging
 + Level 4.1 Shields
 + Level 3.6 Unarmed Combat
 + Level 2.0 Spellcasting


You had 4 spell levels left.
You knew the following spells:

 Your Spells              Type           Power      Damage    Failure   Level
a - Freeze                Ice            8%         1d3       41%         1
b - Ensorcelled Hibernat  Hex/Ice        4%         N/A       54%         2
c - Summon Guardian Gole  Hex/Summ       2%         N/A       78%         3
Your spell library was empty.

Dungeon Overview and Level Annotations

Branches:
Dungeon (4/15)
 Temple: D:4-7

Altars:
Wu Jian

Shops:
D:1 :   D:4 !

Annotations:
D:4 Dowan, Duvessa


Innate Abilities, Weirdness & Mutations

You are immune to sickness and miasma.
You are immune to poison.
Your flesh is very heat resistant. (rF++)
You are vulnerable to cold. (rC-)
You float through the air rather than walking.
You learn spells naturally, not from books.
Your magical power is your life essence.
You have superior vitality. (+4 MHP)


Message History

Duvessa is moderately wounded.
You hit Duvessa.
Duvessa is heavily wounded.
Duvessa hits you with a +0 short sword.
You hit Duvessa.
Duvessa is heavily wounded.
You block Duvessa's attack.
You hit Duvessa but do no damage.
Duvessa is heavily wounded.
Duvessa hits you with a +0 short sword!
You barely miss Duvessa.
Duvessa is heavily wounded.
Duvessa hits you with a +0 short sword! Duvessa hits you but does no damage.
You hit Duvessa.
Duvessa is severely wounded.
You block Duvessa's attack.
You barely miss Duvessa.
Duvessa is severely wounded.
Dowan shouts!
You block Duvessa's attack.
You completely miss Duvessa.
Duvessa is severely wounded.
You hit Duvessa but do no damage.
Duvessa is severely wounded.
Duvessa hits you with a +0 short sword.
You hit Duvessa.
Duvessa is severely wounded.
Duvessa hits you but does no damage.
You barely miss Duvessa.
Duvessa is severely wounded.
Duvessa hits you with a +0 short sword.
* * * LOW HITPOINT WARNING * * *
Dowan hits you with a +1 dagger of protection.
* * * LOW HITPOINT WARNING * * *
You hit Duvessa but do no damage.
Duvessa is severely wounded.
Duvessa hits you with a +0 short sword!
* * * LOW HITPOINT WARNING * * *
Dowan hits you with a +1 dagger of protection.
You die...

###.######....####...........
#.# ##.................. #.#
##......##'##...)#.. #.#
#.......#...#.....#. #.#
#....##.#.8.#.....8<
#######.#
..##....#...#.......
.<......#
#####....##'##.......
§.§.....#
#.ee................
.§......#
#..#@>...............
..§.....#
#.##.................
...........#..
#.................
.............
#.................
####.#.......
#................. ..#.....>(
#.................
....#.$.e..
.................. .. ....
..............#...
............


You could see Duvessa and Dowan.

Vanquished Creatures
  Grinder (D:4)
  Eustachio (D:2)
  A centaur skeleton (D:3)
  A hound skeleton (D:4)
  4 gnolls
  2 adders (D:2)
  2 worms (D:2)
  4 dart slugs
  4 orcs (D:3)
  5 endoplasms
  3 giant cockroaches
  8 goblins
  3 hobgoblins
  3 jackals (D:1)
  9 kobolds
  4 quokkas
  6 ball pythons
  A bat (D:2)
  4 frilled lizards
  2 rats (D:2)
68 creatures vanquished.

Notes
Turn   | Place    | Note
-------+----------+-------------------------------------------
     0 | D:1      | jfcaron the Djinni Fighter began the quest for the Orb.
     0 | D:1      | Reached XP level 1. HP: 20/20 MP: 0/0
    94 | D:1      | Reached XP level 2. HP: 10/25 MP: 0/0
   352 | D:1      | Found Jiri's Book Shop.
   976 | D:2      | Reached skill level 1 in Dodging
   976 | D:2      | Reached XP level 3. HP: 30/30 MP: 0/0
   976 | D:2      | Learned a level 1 spell: Freeze
  1570 | D:2      | Identified the +0 ring mail "Poumyedgh" {rF++ Regen+ MP+9
                  | Int-5}
  1688 | D:2      | Reached XP level 4. HP: 35/35 MP: 0/0
  1799 | D:2      | Reached skill level 1 in Spellcasting
  2628 | D:3      | Found an ornate altar of the Wu Jian Council.
  2646 | D:3      | Became a worshipper of the Wu Jian Council
  2700 | D:3      | Found a faded altar of an unknown god.
  2956 | D:3      | Reached XP level 5. HP: 37/40 MP: 0/0
  2956 | D:3      | Learned a level 2 spell: Ensorcelled Hibernation
  3183 | D:4      | Found Piehiut's Distillery.
  3197 | D:4      | Bought a potion of heal wounds for 70 gold pieces
  3214 | D:4      | Noticed Duvessa
  3214 | D:4      | Noticed Dowan
  3607 | D:4      | Noticed Eustachio
  3788 | D:3      | HP: 5/41 [Eustachio (10)]
  3881 | D:2      | Killed Eustachio
  3882 | D:2      | Reached XP level 6. HP: 47/47 MP: 0/0
  4054 | D:4      | Noticed Grinder
  4194 | D:4      | Paralysed by Grinder for 4 turns
  4200 | D:4      | HP: 5/47 [Grinder (7)]
  4217 | D:4      | Killed Grinder
  4218 | D:4      | Reached XP level 7. HP: 45/52 MP: 0/0
  4218 | D:4      | Learned a level 3 spell: Summon Guardian Golem
  4272 | D:4      | HP: 4/52 [Duvessa (9)]
  4272 | D:4      | Slain by Dowan

Illustrated notes

Levels and vault maps discovered:
D:1:      lightli_iron_boxes, layout_loops_ring, serial_shops,
          nicolae_shop_waterfront
D:2:      minmay_skewed_foursquare, layout_basic
D:3:      layout_loops_ring, nicolae_wu_jian_immortal_techniques,
          ebering_ecumenical_altar_abandoned, kennysheep_big_empty_room
D:4:      layout_rooms, serial_shops, nicolae_shop_statue_plus,
          minmay_misc_feat_room, uniq_duvessa, uniq_grinder, uniq_eustachio

Skill      XL: |  1  2  3  4  5  6 |
---------------+-------------------+-----
Dodging        | 1 2 3 |  3.0
Spellcasting   | 1 2 |  2.0
Fighting       | 4 |  4.2
Unarmed Combat | 3 |  3.6
Armour         | 4 |  4.1
Shields        | 4 |  4.1

Action                   |  1- 3 |  4- 6 |  7- 9 || total
-------------------------+-------+-------+-------++-------
Melee: Unarmed           |   148 |   244 |    21 ||   413
Throw: Stone             |    50 |    47 |       ||    97
Invok: Lunge             |       |     9 |       ||     9
  Use: Potion            |       |     3 |       ||     3
Armor: Scale mail        |    45 |       |       ||    45
       Ring mail         |     6 |    87 |     5 ||    98
Dodge: Dodged            |    42 |   142 |     3 ||   187
Block: Buckler           |    27 |    63 |     4 ||    94

Table legend: (Time is in decaauts)
 A = Elapsed time spent in this place.
 B = Non-inter-level travel time spent in this place.
 C = Inter-level travel time spent in this place.
 D = Time resting spent in this place.
 E = Time spent auto-exploring this place.
 F = Levels seen in this place.
 G = Mean time per level.
                   A        B        C        D        E       F      G
               +--------+--------+--------+--------+--------+-----+--------+
         Total |   4300 |   4059 |    241 |   1118 |   2005 |   4 | 1075.0 |
       Dungeon |   4300 |   4059 |    241 |   1118 |   2005 |   4 | 1075.0 |
               +--------+--------+--------+--------+--------+-----+--------+

Top non-repeatable levels by time:
     D:2: 1529 daAuts
     D:3: 1478 daAuts
     D:1: 958 daAuts
     D:4: 333 daAuts
